 Dungeon Sprint DCSS version 0.31.0-12-g77e489cdc1 (webtiles) character file.

Game seed: 8561813907961791836

19 Groucho the Digger (level 2, -2/14 (15) HPs)
             Began as a Deep Elf Earth Elementalist on Mar 4, 2024.
             Was a Follower of Sif Muna.
             Slain by a necrophage (3 damage)
             ... in the Dungeon (Sprint VII: "The Pits").
             The game lasted 00:01:54 (816 turns).

Groucho the Digger (Deep Elf Earth Elementalist)     Turns: 816, Time: 00:01:55

HP:   -2/14 (15)    AC:  2    Str:  5    XL:     2   Next: 55%
MP:   3/9           EV: 12    Int: 19    God:    Sif Muna [*.....]
Gold: 0             SH:  0    Dex: 15    Spells: 8/9 levels left

rFire   . . .        h - +2 dagger (vamp)
rCold   . . .        (no shield)
rNeg    . . .        a - +0 robe
rPois   .            (no helmet)
rElec   .            (no cloak)
rCorr   .            (no gloves)
SInv    .            (no boots)
Will    .....        (no amulet)
Stlth   ++           (no ring)
HPRegen 0.22/turn    (no ring)
MPRegen 0.11/turn

%: no teleportation
@: drained
A: no striking features
a: Renounce Religion, Channel Magic


You were in the Dungeon.
You worshipped Sif Muna.
Sif Muna was aware of your devotion.
You visited 1 branch

Inventory:

Hand Weapons
 h - a +2 vampiric dagger (weapon)
Missiles
 j - 10 stones
Armour
 a - a +0 robe (worn)
Scrolls
 g - a scroll of blinking
 k - 2 scrolls of vulnerability
 l - 5 scrolls of amnesia
 m - a scroll of butterflies
Potions
 b - 5 potions of magic
 c - a potion of curing
 e - a potion of haste
 f - 3 potions of berserk rage
 i - 2 potions of invisibility


   Skills:
 - Level 2.4 Dodging
 - Level 2.4 Stealth
 + Level 4.3 Spellcasting
 + Level 2.7 Conjurations
 * Level 5.0 Earth Magic
 + Level 1.6 Invocations


You had 8 spell levels left.
You knew the following spells:

 Your Spells              Type           Power      Damage    Failure   Level
a - Sandblast             Erth           46%        2d11      1%          1

Your spell library contained the following spells:

 Spells                   Type           Power      Damage    Failure   Level
 Passwall                 Erth           23%        N/A       4%          3
 Stone Arrow              Conj/Erth      38%        3d9       8%          3
 Brom's Barrelling Bould  Conj/Erth      19%        2d4       26%         4
 Petrify                  Alch/Erth      13%        N/A       43%         4


Dungeon Overview and Level Annotations

Branches:
Dungeon (1/1)

Altars:
Ashenzari
Cheibriados
Dithmenos
Elyvilon
Fedhas
Gozag
Hepliaklqana
Kikubaaqudgha
Makhleb
Nemelex Xobeh
Okawaru
Qazlal
Ru
Sif Muna
Trog
Uskayaw
Vehumet
Wu Jian
Xom
Yredelemnul
Zin
The Shining One
Jiyva
Lugonu


Message History

The blast of sand misses the necrophage.
The necrophage barely misses you.
Unknown command.
Casting: Sandblast (safe; 1% risk of failure)
Confirm with . or Enter, or press ? or * to list all spells.
Aiming: Sandblast (safe; 1% risk of failure)
Press: ? - help, Shift-Dir - straight line, f/p - necrophage
Aim: a necrophage (lightly damaged, 83% to hit)
The blast of sand misses the necrophage.
The necrophage closely misses you. The necrophage hits you.
Unknown command.
Casting: Sandblast (safe; 1% risk of failure)
Confirm with . or Enter, or press ? or * to list all spells.
Aiming: Sandblast (safe; 1% risk of failure)
Press: ? - help, Shift-Dir - straight line, f/p - necrophage
Aim: a necrophage (lightly damaged, 83% to hit)
The blast of sand hits the necrophage!
The necrophage is heavily damaged.
The necrophage barely misses you.
Unknown command.
Casting: Sandblast (safe; 1% risk of failure)
Confirm with . or Enter, or press ? or * to list all spells.
Aiming: Sandblast (safe; 1% risk of failure)
Press: ? - help, Shift-Dir - straight line, f/p - necrophage
Aim: a necrophage (heavily damaged, 83% to hit)
The blast of sand hits the necrophage!
The necrophage is almost destroyed.
The necrophage hits you. The necrophage barely misses you.
Unknown command.
Casting: Sandblast (safe; 1% risk of failure)
Confirm with . or Enter, or press ? or * to list all spells.
Aiming: Sandblast (safe; 1% risk of failure)
Press: ? - help, Shift-Dir - straight line, f/p - necrophage
Aim: a necrophage (almost destroyed, 83% to hit)
The blast of sand hits the necrophage but does no damage.
The necrophage is almost destroyed.
The necrophage hits you.
* * * LOW HITPOINT WARNING * * *
You feel drained.
You die...

#_________.#
#_________.#
#_______...###########++
##########'##...........
#....')))'.##......#..#
##########.##..........
#...........'...........
#+#####'#####......#..#.
#...#@# #...........
#...#n# ####'#####+
#...'.# #.......#
##'#### #.......#
#...nK# #.......#
#.....# #...<...#
#....... #.......#
#.....g..##.......#
###########.......#


You could see a necrophage.

Vanquished Creatures
  An adder (D)
  An ufetubus (D)
  A bat zombie (D)
  A giant cockroach (D)
  A quokka (D)
  A rat (D)
6 creatures vanquished.

Notes
Turn   | Place    | Note
-------+----------+-------------------------------------------
     0 | D        | Groucho the Deep Elf Earth Elementalist began the quest for
                  | the Orb.
     0 | D        | Reached XP level 1. HP: 10/10 MP: 6/6
    66 | D        | Found a glowing golden altar of the Shining One.
    66 | D        | Found a glowing silver altar of Zin.
    66 | D        | Found a basalt altar of Yredelemnul.
    66 | D        | Found a shimmering altar of Xom.
    66 | D        | Found an ornate altar of the Wu Jian Council.
    66 | D        | Found a bloodstained altar of Trog.
    66 | D        | Found a shimmering blue altar of Sif Muna.
    66 | D        | Found a sacrificial altar of Ru.
    66 | D        | Found a stormy altar of Qazlal.
    66 | D        | Found an iron altar of Okawaru.
    66 | D        | Found a sparkling altar of Nemelex Xobeh.
    66 | D        | Found a burning altar of Makhleb.
    66 | D        | Found a viscous altar of Jiyva.
    66 | D        | Found a hazy altar of Hepliaklqana.
    66 | D        | Found an opulent altar of Gozag.
    66 | D        | Found a blossoming altar of Fedhas.
    66 | D        | Found a white marble altar of Elyvilon.
    66 | D        | Found a shadowy altar of Dithmenos.
    66 | D        | Found a snail-covered altar of Cheibriados.
    67 | D        | Found a radiant altar of Vehumet.
    67 | D        | Found a corrupted altar of Lugonu.
    68 | D        | Found an ancient bone altar of Kikubaaqudgha.
    68 | D        | Found a hide-covered altar of Uskayaw.
    68 | D        | Found a broken altar of Ashenzari.
    69 | D        | Became a worshipper of Sif Muna the Loreminder
    84 | D        | Reached skill level 4 in Earth Magic
   124 | D        | Reached * piety under Sif Muna
   125 | D        | Reached skill level 1 in Invocations
   125 | D        | Reached XP level 2. HP: 13/15 MP: 7/9
   368 | D        | Reached skill level 5 in Earth Magic
   584 | D        | Noticed a necrophage
   816 | D        | Slain by a necrophage

Illustrated notes

Levels and vault maps discovered:
D:        pitsprint [storerooms_1, entrance_room_1, metal_vault_5, armoury_2,
          mini_pit_1, grid_room_1, main_hall_1, silver_pit, the_coven_1,
          the_vestibule_1, steel_vault_2, golden_pit, hallway_of_sentries,
          crystal_vault_1, iron_vault_4, final_vault]

Skill      XL: |  1  2 |
---------------+-------+-----
Earth Magic    | 4 5 |  5.0
Spellcasting   | 4 |  4.3
Conjurations   | 2 |  2.7
Invocations    | 1 |  1.6
Dodging        | |  2.4
Stealth        | |  2.4

Action                     || total
---------------------------++-------
   Cast: Sandblast         ||    20
    Use: Potion            ||     1
 Armour: Robe              ||    15
  Dodge: Dodged            ||    20
